 Dungeon Crawl Stone Soup version 0.28.0-43-g3370ac3207 (webtiles) character file.

Game seed: 13237743249599506546

54 Kniotic the Insei (level 3, 0/29 HPs)
             Began as a Demonspawn Monk on Mar 7, 2022.
             Slain by a rat (1 damage)
             ... on level 2 of the Dungeon.
             The game lasted 00:01:58 (2110 turns).

Kniotic the Insei (Demonspawn Monk)                 Turns: 2110, Time: 00:01:58

Health: 0/29       AC:  3    Str: 11    XL:     3   Next: 66%
Magic:  3/3        EV: 13    Int: 11    God:
Gold:   31         SH:  0    Dex: 17    Spells: 2/2 levels left

rFire   . . .      SeeInvis .     - Unarmed
rCold   . . .      Faith    .   (no shield)
rNeg    . . .      Spirit   .   a - +0 robe
rPois   .          Reflect  .   (no helmet)
rElec   .          Harm     .   (no cloak)
rCorr   .          Rampage  .   (no gloves)
Will    .....                   j - +0 pair of boots
Stlth   ++........              (no amulet)
HPRegen 0.09/turn               (no ring)
MPRegen 0.08/turn               (no ring)

@: no status effects
A: powered by death 2
a: no special abilities


You were on level 2 of the Dungeon.
You visited 1 branch of the dungeon, and saw 2 of its levels.

You collected 31 gold pieces.

Inventory:

Armour
 a - a +0 robe (worn)
 j - a +0 pair of boots (worn)
Jewellery
 h - a +6 ring of dexterity
Scrolls
 b - a scroll of fear {unknown}
 c - 2 scrolls of enchant weapon {unknown}
 i - a scroll of identify {unknown}
Potions
 d - a potion of curing {unknown}
 e - a potion of brilliance {unknown}
 f - 4 potions of resistance {unknown}
 g - a potion of invisibility {unknown}


   Skills:
 - Level 3.0 Fighting
 - Level 2.6 Dodging
 - Level 1.7 Stealth
 + Level 4.2 Unarmed Combat


You had 2 spell levels left.
You didn't know any spells.
Your spell library was empty.

Dungeon Overview and Level Annotations

Branches:
Dungeon (2/15)

Altars:
Qazlal


Innate Abilities, Weirdness & Mutations

You regenerate health from kills.


Message History

You start waiting.
Done waiting.
Things that are here:
a +0 whip; a kobold skeleton As you open the door, it creaks loudly!
There is an open door here.
You see here a +0 rapier.
You open the door.
A rat comes into view.
A rat is nearby!
There is an open door here.
A rat is nearby!
A rat is nearby! 2 gnolls come into view.
The gnoll hits you from afar with a +0 spear.
A gnoll comes into view. It is wielding a +0 whip.
The gnoll hits you with a +0 spear. The rat closely misses you.
You punch the gnoll!
The gnoll is heavily wounded.
The gnoll shouts! x2; You hear a shout!
The gnoll throws a throwing net.
The throwing net hits you.
You become entangled in the net!
You are held in a net!
You struggle against the net.
The rat bites you.
The gnoll hits you from afar with a +0 spear.
You tear a large gash into the net.
The rat bites you. The gnoll hits you but does no damage.
A gnoll comes into view. It is wielding a +0 flail.
The gnoll barely misses you.
You struggle against the net.
The rat barely misses you. The gnoll hits you with a +0 spear.
The gnoll hits you from afar with a +0 spear.
You rip the net and break free!
The rat barely misses you. The gnoll barely misses you.
The gnoll hits you with a +0 whip.
* * * LOW HITPOINT WARNING * * *
The gnoll hits you from afar with a +0 spear.
* * * LOW HITPOINT WARNING * * *
The gnoll closely misses you. The rat bites you.
You die...

#.......<...........##.#.#
##.##......#########..#.#.#
#.......†..#. ....#......#
#..........#. ...#..#.###
#.._.......#.. #..#..#.#
#.....#....#.. #g.#....#
#.....#....#..###gg#)#..#
###.###....#....rg.#....#
### #........#...@...#....#
#.) ######...####'####....#
#.#
###...[..........######.#
########............#.#
##.....>.....#.#
#######.....#.# #.....#.#
#.....#.# #.....#..


You could see 4 gnolls and a rat.

Vanquished Creatures
  2 adders (D:2)
  2 worms (D:2)
  3 bats
  An endoplasm (D:1)
  2 giant cockroaches
  3 goblins
  6 hobgoblins
  2 quokkas
  3 ball pythons
  2 kobolds
  4 rats
30 creatures vanquished.

Notes
Turn   | Place    | Note
-------+----------+-------------------------------------------
     0 | D:1      | Kniotic the Demonspawn Monk began the quest for the Orb.
     0 | D:1      | Reached XP level 1. HP: 18/18 MP: 1/1
   458 | D:1      | Reached skill level 3 in Unarmed Combat
   595 | D:1      | Gained mutation: You regenerate a little health from kills.
                  | [demonic ancestry]
   595 | D:1      | Reached XP level 2. HP: 10/24 MP: 2/2
  1140 | D:2      | Found a stormy altar of Qazlal.
  1411 | D:2      | Gained mutation: You regenerate health from kills. [demonic
                  | ancestry]
  1411 | D:2      | Reached XP level 3. HP: 25/29 MP: 3/3
  1572 | D:2      | Reached skill level 4 in Unarmed Combat
  2107 | D:2      | HP: 1/29 [gnoll/+0 spear (5)]
  2110 | D:2      | Slain by a rat

Illustrated notes

Levels and vault maps discovered:
D:1:      wander_arrival_estate, layout_loops_ring, nrook_mini_backslash
D:2:      layout_basic, hellmonk_ecumenical_altar_inner_sanctum, basic_altar

Skill      XL: |  1  2  3 |
---------------+----------+-----
Unarmed Combat | 3 4 |  4.2
Fighting       | |  3.0
Dodging        | |  2.6
Stealth        | |  1.7

Action                   || total
-------------------------++-------
Melee: Unarmed           ||   138
       Punch             ||     3
 Stab: Sleeping          ||     5
Armor: Robe              ||    18
Dodge: Dodged            ||    88
